 Dungeon Crawl Stone Soup version 0.16.1-2-g95b8d4c (webtiles) character file.

13270 Ladykiller69 the Spear-Bearer (level 12, -11/92 HPs)
             Began as a Formicid Fighter on Mar 24, 2015.
             Was the Champion of Cheibriados.
             Mangled by an orc warlord
             ... wielding a +0 battleaxe
              (31 damage)
             ... on level 4 of the Orcish Mines.
             The game lasted 00:52:37 (9624 turns).

Ladykiller69 the Spear-Bearer (Formicid Fighter)    Turns: 9624, Time: 00:52:55

Health: -11/92     AC: 16    Str: 42    XL:     12   Next: 30%
Magic:  23/25      EV: 14    Int: 22    God:    Cheibriados [******]
Gold:   1066       SH: 15    Dex: 25    Spells: 0 memorised, 11 levels left

rFire  . . .     SeeInvis +     j - +0 halberd
rCold  . . .     Clarity  .     F - +0 plate armour
rNeg   . . .     SustAb   .     c - +0 shield
rPois  .         Gourm    .     (helmet unavailable)
rElec  .         Spirit   .     V - +0 cloak
rCorr  .         Warding  .     (no gloves)
rMut   .         Stasis   +     T - +0 pair of boots
MR     +....                    (no amulet)
Stlth  ..........               (no ring)
                                (no ring)

@: very slow, somewhat resistant to hostile enchantments, extremely unstealthy
A: permanent stasis, dig shafts and tunnels, four strong arms, antennae 3
a: Dig, Shaft Self, Bend Time, Temporal Distortion, Slouch, Step From Time,
Renounce Religion


You were on level 4 of the Orcish Mines.
You worshipped Cheibriados.
Cheibriados was exalted by your worship.
You were very hungry.

You visited 3 branches of the dungeon, and saw 15 of its levels.

You collected 1268 gold pieces.
You spent 202 gold pieces at shops.

Inventory:

Hand weapons
 a - a +0 trident
 e - a cursed +2 spear of pain
 j - a +0 halberd (weapon)
Missiles
 l - 4 tomahawks of returning (quivered)
 o - 4 throwing nets
 S - 10 tomahawks
Armour
 c - a +0 shield (worn)
 F - a +0 plate armour (worn)
 T - a +0 pair of boots (worn)
 V - a +0 cloak (worn)
Jewellery
 y - an uncursed ring of fire {unknown}
 D - a cursed +3 ring of strength {unknown}
 J - an uncursed amulet of resist corrosion {unknown}
 Q - an uncursed ring of protection from cold {unknown}
Magical devices
 u - a wand of magic darts (0)
 z - a wand of fire (8)
 G - a wand of disintegration (2)
 N - a wand of digging (0)
 P - a wand of flame (17)
 U - a wand of polymorph (16)
Scrolls
 f - a scroll of enchant armour {unknown}
 g - 3 scrolls of remove curse {unknown}
 i - 7 scrolls of identify {unknown}
 k - 4 scrolls of fog {unknown}
 m - 3 scrolls of immolation {unknown}
 r - a scroll of random uselessness {unknown}
 v - a scroll of magic mapping {unknown}
 C - a scroll of noise {unknown}
 E - a scroll of recharging {unknown}
 O - a scroll of blinking {unknown}
Potions
 n - 2 potions of haste
 s - a potion of curing
 w - 2 potions of resistance
 x - 2 potions of flight {unknown}
 A - a potion of invisibility
 B - a potion of beneficial mutation {unknown}
 I - 2 potions of mutation {unknown}
 L - a potion of lignification {unknown}
 M - a potion of restore abilities {unknown}
Books
 H - a book of Enchantments

   Spells                             Type                      Level
   a - Tukima's Dance                 Hexes                        3
   b - Cause Fear                     Hexes                        4
   c - Silence                        Hexes/Air                    5
   d - Deflect Missiles               Charms/Air                   6
   e - Haste                          Charms                       6
   f - Discord                        Hexes                        8
Comestibles
 d - 7 bread rations
 h - a beef jerky
 q - 12 fruits
 t - a royal jelly
 K - a slice of pizza
 R - a meat ration


   Skills:
 + Level 8.1 Fighting
 * Level 11.7 Polearms
 + Level 8.0 Armour
 + Level 5.8 Dodging
 - Level 9.1 Shields
 + Level 8.1 Invocations


You had 11 spell levels left.
You didn't know any spells.

Dungeon Overview and Level Annotations

Branches:
Dungeon (10/15)            Temple (1/1) D:4            Lair (0/8) D:8
    Orc (4/4) D:9
    Elf: Orc:3-4

Altars:
Ashenzari
Cheibriados
Dithmenos
Fedhas
Gozag
Kikubaaqudgha
Makhleb
Nemelex Xobeh
Okawaru
Sif Muna
Vehumet
Xom
Zin
The Shining One

Shops:
D:4 (%**   Orc:1 }   Orc:2 ([   Orc:4 [

Annotations:
D:2 Sigmund
Orc:2 exclusion: downstairs
Orc:3 Josephine


Innate Abilities, Weirdness & Mutations

You are under a permanent stasis effect.
You can dig through walls and to a lower floor.
Your four strong arms can wield two-handed weapons with a shield.
You have a pair of large antennae on your head (SInv).


Message History

The orc warrior closely misses you.
The orc throws a tomahawk.
You block the tomahawk.
You barely miss the orc warlord.
The orc warlord is lightly wounded.
You block the orc warrior's attack. The orc warlord closely misses you.
An orc comes into view. It is wielding a morningstar.
The orc shouts!
You hit the orc warlord!!
The orc warlord is moderately wounded.
The orc warrior hits you from afar with a trident.
You hit the orc warlord but do no damage.
The orc warlord is moderately wounded.
You hit the orc warlord!
The orc warlord is heavily wounded.
The orc warrior hits you from afar with a trident!!
* * * LOW HITPOINT WARNING * * *
The orc warlord roars a battlecry!
The orcs go into a battle-frenzy!
The orc warlord hits you with a battleaxe!!
You die...

..))[..)######..###
..)..(.)()).........
)........).).......{
......###[#.########
......#....#.#.##.#
...)......###o#.#.# #
...........#)#o...#.##
.........{#)###o.....##
..#.....o####.##@.(...#
...........##..oo......#
..#...)).........<....##
.....o).##...............#.
.....o###......................
#.#...# ###.......o.............
...#.####.......###..$..........
#.####.........## #...........#
### #........### ##.........###


You could see an orc warlord, 2 orc warriors and 3 orcs.

Vanquished Creatures
  Harold (Orc:2)
  Erolcha (D:9)
  Pikel (D:8)
  An orc knight (Orc:4)
  Maurice (D:9)
  Joseph (D:7)
  The ghost of Zugr the Slasher, an experienced OpFi (D:5)
  An efreet (D:8)
  A two-headed ogre (Orc:4)
  2 trolls
  A wyvern (D:8)
  2 wraiths (Orc:2)
  A deep elf mage (D:9)
  A warg (Orc:4)
  9 yaks (D:9)
  Menkaure (D:7)
  2 water moccasins
  3 porcupines (D:8)
  18 orc warriors
  An eye of draining (D:8)
  2 ice beasts
  A sky beast (D:6)
  A necrophage (D:7)
  A black bear (D:9)
  A phantom (D:8)
  10 ogres
  3 centaurs
  3 big kobolds
  2 giant frogs
  A scorpion (D:7)
  A wyvern skeleton (D:8)
  3 wights (D:9)
  4 crimson imps
  A centaur zombie (D:8)
  A giant frog zombie (D:8)
  A goliath beetle (D:6)
  4 jellies
  2 iguanas
  8 hounds
  A quasit (D:8)
  21 orc priests
  19 orc wizards
  Natasha (twice) (D:5)
  9 worker ants
  Ijyb (D:3)
  2 hound skeletons (D:7)
  A mummy (D:8)
  12 gnolls
  A river rat (D:8)
  7 adders
  3 giant mites
  2 worms
  2 shadow imps (D:5)
  An adder skeleton (D:6)
  2 oozes
  152 orcs
  A ball python (D:2)
  25 bats
  A bat skeleton (D:6)
  2 giant cockroaches
  15 hobgoblins
  13 jackals
  6 quokkas
  A giant gecko (D:4)
  A giant gecko skeleton (D:4)
  A giant gecko zombie (D:7)
  4 giant newts
  A giant spore (D:7)
  9 goblins
  A jackal skeleton (D:5)
  A jackal zombie (D:6)
  25 kobolds
  A quokka skeleton (D:4)
  15 rats
461 creatures vanquished.

Vanquished Creatures (others)
  A slave (D:8)
  A crocodile (D:8)
  A worker ant (D:8)
  A river rat (D:8)
4 creatures vanquished.

Grand Total: 465 creatures vanquished

Notes
Turn   | Place    | Note
--------------------------------------------------------------
     0 | D:1      | Ladykiller69, the Formicid Fighter, began the quest for the Orb.
     0 | D:1      | Reached XP level 1. HP: 18/18 MP: 1/1
   273 | D:1      | Reached XP level 2. HP: 22/24 MP: 3/3
   322 | D:1      | Reached skill level 4 in Shields
   553 | D:1      | Reached XP level 3. HP: 20/29 MP: 4/4
   713 | D:2      | Noticed Sigmund
   802 | D:3      | Reached XP level 4. HP: 8/35 MP: 5/5
  1314 | D:2      | Found a glowing golden altar of the Shining One.
  1444 | D:3      | Reached XP level 5. HP: 38/42 MP: 7/7
  1599 | D:3      | Noticed Ijyb
  1609 | D:3      | Killed Ijyb
  1807 | D:3      | Reached skill level 5 in Shields
  2060 | D:4      | Found Abism's Assorted Antiques.
  2068 | D:4      | Bought a potion of curing for 72 gold pieces
  2180 | D:4      | Reached XP level 6. HP: 29/48 MP: 8/8
  2349 | D:4      | Found a shattered altar of Ashenzari.
  2435 | D:4      | Noticed a phantom
  2435 | D:4      | Noticed an ogre
  2457 | D:5      | Entered Level 5 of the Dungeon
  2535 | D:5      | HP: 2/48 [iguana (6)]
  2898 | D:4      | Noticed a phantom
  2899 | D:4      | Found Trinao's Weapon Boutique.
  3013 | D:4      | Found Qopomp's Food Shop.
  3050 | D:4      | Found a burning altar of Makhleb.
  3050 | D:4      | Found a radiant altar of Vehumet.
  3068 | D:4      | Reached skill level 6 in Shields
  3068 | D:4      | Reached XP level 7. HP: 48/54 MP: 9/9
  3091 | D:4      | Found Shitreasm's General Store.
  3143 | D:4      | Bought a potion of resistance for 130 gold pieces
  3197 | D:4      | Found a staircase to the Ecumenical Temple.
  3198 | D:4      | Noticed a sky beast
  3214 | Temple   | Entered the Ecumenical Temple
  3228 | Temple   | Became a worshipper of Cheibriados the Contemplative
  3331 | D:5      | Reached skill level 5 in Polearms
  3345 | D:5      | Noticed Zugr's ghost (experienced OpFi)
  3347 | D:5      | Noticed Natasha
  3361 | D:5      | Killed Natasha
  3749 | D:5      | Acquired Cheibriados' first power
  3749 | D:5      | Reached skill level 7 in Shields
  3907 | D:5      | Reached XP level 8. HP: 53/60 MP: 11/11
  3979 | D:5      | Killed Zugr's ghost
  3979 | D:5      | Reached skill level 8 in Shields
  4226 | D:5      | Noticed Natasha
  4228 | D:5      | Killed Natasha
  4548 | D:6      | Reached skill level 9 in Shields
  4630 | D:6      | Reached XP level 9. HP: 65/65 MP: 12/12
  4759 | D:6      | Reached skill level 1 in Invocations
  4808 | D:6      | Found a shimmering altar of Xom.
  4808 | D:6      | Found a shimmering altar of Xom.
  4836 | D:6      | Reached skill level 1 in Dodging
  5171 | D:7      | Acquired Cheibriados' second power
  5369 | D:7      | Found a burning altar of Makhleb.
  5513 | D:7      | Noticed Joseph
  5535 | D:7      | Killed Joseph
  5535 | D:7      | Reached skill level 5 in Fighting
  5551 | D:7      | Noticed Menkaure
  5558 | D:7      | Killed Menkaure
  5609 | D:7      | Acquired Cheibriados' third power
  5728 | D:8      | Reached skill level 5 in Armour
  5728 | D:8      | Reached XP level 10. HP: 74/74 MP: 17/18
  5943 | D:8      | Noticed an efreet
  5952 | D:8      | Killed an efreet
  5952 | D:8      | Acquired Cheibriados' fourth power
  6462 | D:8      | Reached skill level 5 in Invocations
  6573 | D:8      | Found a staircase to the Lair.
  6575 | D:8      | Noticed Pikel
  6645 | D:8      | Killed Pikel
  6645 | D:8      | Reached skill level 10 in Polearms
  6760 | D:9      | Found a staircase to the Orcish Mines.
  6770 | D:9      | Reached XP level 11. HP: 83/83 MP: 22/22
  6773 | D:9      | Noticed Erolcha
  6785 | D:9      | Killed Erolcha
  6804 | Orc:1    | Entered Level 1 of the Orcish Mines
  7115 | Orc:2    | Found Twiam's Armour Emporium.
  7146 | Orc:2    | Noticed Harold
  7179 | Orc:2    | Killed Harold
  7548 | Orc:1    | Found Yhiquikh's Gadget Shop.
  7825 | Orc:2    | Found Ushe's Weapon Boutique.
  7979 | Orc:3    | Reached skill level 11 in Polearms
  7999 | Orc:3    | Noticed Josephine
  8003 | Orc:3    | HP: 3/84 [wraith[Josephine] (2)]
  8018 | Orc:2    | Reached skill level 5 in Dodging
  8419 | D:9      | Found a glowing silver altar of Zin.
  8544 | D:10     | Entered Level 10 of the Dungeon
  8659 | D:9      | Noticed Maurice
  8769 | D:9      | Found an iron altar of Okawaru.
  8845 | D:9      | Reached XP level 12. HP: 75/92 MP: 25/25
  8891 | D:9      | Killed Maurice
  9034 | Orc:4    | Entered Level 4 of the Orcish Mines
  9166 | Orc:4    | Found Duqaluw's Antique Armour Shoppe.
  9169 | Orc:4    | Noticed an orc warlord
  9624 | Orc:4    | Mangled by an orc warlord

Action                   |  1- 3 |  4- 6 |  7- 9 | 10-12 || total
-------------------------+-------+-------+-------+-------++-------
Melee: Trident           |    75 |       |       |       ||    75
       Halberd           |     3 |   249 |   374 |   834 ||  1460
Invok: Bend Time         |       |       |       |     2 ||     2
       Step From Time    |       |       |       |     1 ||     1
       Slouch            |       |       |       |     1 ||     1
 Abil: Dig               |     3 |     7 |     8 |    17 ||    35
  Use: Potion            |       |     3 |     1 |     7 ||    11
 Stab: Distracted        |       |       |     1 |     2 ||     3
  Eat: Chunk             |       |     7 |     8 |    12 ||    27
       Beef jerky        |       |     1 |       |       ||     1
